 Dungeon Crawl Stone Soup version 0.28.0-45-g0d030f2227 (webtiles) character file.

Game seed: 5221798963519212579

12810 CryoSword the Geomancer (level 11, -2/66 HPs)
             Began as a Gargoyle Earth Elementalist on Apr 15, 2022.
             Was a Priest of the Shining One.
             Slain by Rupert
             ... wielding a +1 great mace of protection
              (30 damage)
             ... on level 12 of the Dungeon.
             The game lasted 00:25:36 (14338 turns).

CryoSword the Geomancer (GrEE)                     Turns: 14338, Time: 00:25:37

Health: -2/66      AC: 20    Str: 14    XL:     11   Next: 99%
Magic:  1/15       EV: 11    Int: 18    God:    the Shining One [***...]
Gold:   359        SH: 17    Dex: 16    Spells: 7/16 levels left

rFire   . . .      SeeInvis .   a - +3 morningstar
rCold   + . .      Faith    .   f - +3 warlock's mirror {reflect}
rNeg    + + .      Spirit   .   F - +2 ring mail {rC+}
rPois   ∞          Reflect  +   t - +2 helmet
rElec   +          Harm     .   r - +1 cloak
rCorr   .          Rampage  .   (no gloves)
Will    .....                   (no boots)
Stlth   +.........              n - amulet of magic regeneration
HPRegen 0.21/turn               C - +6 ring of dexterity
MPRegen 0.54/turn               (no ring)

@: brilliant, divinely shielded, glowing
A: sickness immunity, AC +8, negative energy resistance 1, electricity
resistance, torment resistance 1, petrification resistance
a: Renounce Religion, Divine Shield, Cleansing Flame


You were on level 12 of the Dungeon.
You worshipped the Shining One.
The Shining One was most pleased with you.
You visited 2 branches of the dungeon, and saw 13 of its levels.

You collected 596 gold pieces.
You spent 237 gold pieces at shops.

Inventory:

Hand Weapons
 a - a +3 morningstar (weapon)
   (You took it off a wight on level 6 of the Dungeon)
Missiles
 c - 264 stones
 l - 4 curare-tipped darts
 o - 29 poisoned darts
 A - 3 boomerangs
Armour
 f - the +3 warlock's mirror (worn) {reflect}
   (You acquired it on level 7 of the Dungeon)

   It can block and reflect piercing ranged attacks and magical attacks against
   the wielder's willpower.
 p - a +0 troll leather armour
   (You found it on level 11 of the Dungeon)
 r - a +1 cloak (worn)
   (You found it on level 3 of the Dungeon)
 t - a +2 helmet (worn)
   (You found it on level 3 of the Dungeon)
 F - a +2 ring mail of cold resistance (worn)
   (You found it on level 9 of the Dungeon)
Magical Staves
 w - a staff of earth
   (You found it on level 3 of the Dungeon)
Jewellery
 n - an amulet of magic regeneration (around neck)
   (You found it on level 2 of the Dungeon)
 C - a +6 ring of dexterity (left hand)
   (You found it on level 5 of the Dungeon)
Wands
 B - a wand of flame (24)
   (You found it on level 5 of the Dungeon)
 D - a wand of acid (5) (quivered)
   (You found it on level 6 of the Dungeon)
Scrolls
 b - a scroll of enchant armour
 e - 2 scrolls of enchant weapon
 q - a scroll of magic mapping
 s - a scroll of identify {@r1}
 u - 3 scrolls of teleportation {@r4}
 y - 5 scrolls of fog
Potions
 d - 3 potions of attraction {!q}
 g - a potion of haste {@q3}
 h - a potion of berserk rage {unknown}
 i - 2 potions of flight
 j - 3 potions of curing {@q1}
 k - 2 potions of brilliance
 m - 5 potions of mutation {!q}
 v - a potion of magic {unknown}
 x - a potion of lignification {!q}
 z - a potion of ambrosia


   Skills:
 + Level 6.4 Fighting
 * Level 8.4 Maces & Flails
 + Level 3.9 Dodging
 - Level 2.1 Stealth
 * Level 7.4 Shields
 - Level 3.0 Spellcasting
 * Level 9.3 Conjurations
 + Level 1.3 Translocations
 - Level 0.7 Transmutations
 * Level 10.8 Earth Magic
 + Level 4.5 Invocations
 - Level 2.6 Evocations


You had 7 spell levels left.
You knew the following spells:

 Your Spells              Type           Power      Damage    Failure   Level
a - Sandblast             Erth           100%       2d20      1%          1
b - Stone Arrow           Conj/Erth      100%       3d13      1%          3
A - Apportation           Tloc           22%        N/A       26%         1
B - Blink                 Tloc           22%        N/A       36%         2
P - Passwall              Tmut/Erth      29%        N/A       6%          2

Your spell library contained the following spells:

 Spells                   Type           Power      Damage    Failure   Level
 Foxfire                  Conj/Fire      100%       2x1d9     6%          1
 Conjure Flame            Conj/Fire      29%        6-21      19%         3
 Petrify                  Tmut/Erth      35%        N/A       36%         4
 Flame Wave               Conj/Fire      29%        2d8       52%         4
 Corpse Rot               Necr/Air       8%         N/A       54%         2
 Ensorcelled Hibernation  Hex/Ice        8%         N/A       54%         2
 Poisonous Vapours        Pois/Air       8%         N/A       54%         2
 Lesser Beckoning         Tloc           11%        N/A       58%         3
 Inner Flame              Hex/Fire       4%         N/A       77%         3
 Swiftness                Air            4%         N/A       77%         3
 Alistair's Intoxication  Tmut/Pois      3%         N/A       100%        5
 Manifold Assault         Tloc           11%        N/A       100%        5
 Borgnjor's Revivificati  Necr           2%         N/A       100%        8
 Necromutation            Tmut/Necr      2%         N/A       100%        8
 Death's Door             Necr           2%         N/A       100%        9


Dungeon Overview and Level Annotations

Branches:
Dungeon (12/15)            Temple (1/1) D:5            Lair (0/6) D:10
    Orc (0/2) D:11

Altars:
Cheibriados
Dithmenos
Elyvilon
Gozag
Kikubaaqudgha
Makhleb
Nemelex Xobeh
Ru
Sif Muna
Trog
Vehumet
Wu Jian
Xom
Zin
The Shining One

Shops:
D:1 *(*:   D:11 [

Annotations:
D:12 Rupert


Innate Abilities, Weirdness & Mutations

You are immune to sickness and miasma.
Your stone body is resilient. (AC +8)
You are immune to poison.
You resist negative energy. (rN+)
You are resistant to electric shocks. (rElec)
You are resistant to unholy torment.
You are immune to petrification.


Message History

l - 2 curare-tipped darts (gained 1)
Items here: ))) [ †.
c - 267 stones (gained 3);
o - 29 poisoned darts (gained 3)
Items here: )) ÷÷.
You see here a +0 troll leather armour.
p - a +0 troll leather armour
Okay, then.
You see here a troll skeleton.
You now have 359 gold pieces (gained 10).
There is an open door here.
Could not explore, unopened door.
Could not explore, unopened door.
Could not explore, unopened door.
You open the door.
Found a scroll of enchant weapon.
There is an open door here.
e - 2 scrolls of enchant weapon (gained 1) Could not explore, unopened door.
Could not explore, unopened door.
You open the door.
There is an open door here.
There is an open door here.
There is an open door here.
There is an open door, spattered with blood here.
Items here: ))) [[.
Found a stone staircase leading up.
There is an open door here.
There is an open door here.
Could not explore, unopened door.
Could not explore, unopened door.
You open the door.
Found 2 curare-tipped darts.
A two-headed ogre comes into view. It is wielding two +0 giant clubs.
The two-headed ogre shouts in stereo!
There is an open door here.
A two-headed ogre is nearby!
A two-headed ogre is nearby!
Aim: a two-headed ogre, wielding two +0 giant clubs (haloed, 91% to hit)
The stone arrow hits the two-headed ogre!!
Aim: a two-headed ogre, wielding two +0 giant clubs (moderately wounded, haloed, 91% to hit)
The stone arrow hits the two-headed ogre!!
Aim: a two-headed ogre, wielding two +0 giant clubs (severely wounded, haloed, 91% to hit)
The stone arrow hits the two-headed ogre!!
You kill the two-headed ogre!
Things that are here:
a +0 giant club; a +0 giant club
l - 4 curare-tipped darts (gained 2) Could not explore, unopened door.
You open the door.
There is an open door here.
Could not explore, unopened door.
Could not explore, unopened door.
You open the door.
There is an open door here.
Could not explore, unopened door.
Could not explore, unopened door.
You open the door.
There is an open door here.
There is an open door here.
Could not explore, unopened door.
You open the door.
There is an open door here.
There is an open door here.
There is an open door here.
There is an open door here.
There is an open door here.
Could not explore, unopened door.
You open the door.
Found a stone staircase leading down.
Found a halberd.
There is an open door here.
There is an open door here.
There is an open door here.
There is an open door here.
There is an open door here.
There is an open door here.
A howler monkey comes into view.
The howler monkey howls!
The howler monkey hoots and howls with incredible vigour!
Aim: a howler monkey (catching its breath, haloed, 80% to hit)
The stone arrow hits the howler monkey!!
You kill the howler monkey!
There is an open door here.
There is an open door here.
There is an open door here.
Done exploring.
Done exploring.
Done exploring.
There is an open door here.
There is an open door here.
There is an open door here.
There is an open door here.
There is a stone staircase leading down here.
You climb downwards.
There is a stone staircase leading up here.
Okay, then.
s - a scroll of identify {@r1} Rupert the Wild comes into view.
He is wielding a +1 great mace of protection.
Rupert shouts!
Your shield is strengthened by the Shining One's divine power.
Okay, then.
You feel clever all of a sudden.
Aim: Rupert, wielding a +1 great mace of protection and wearing a +0 ring mail (haloed, 86% to hit)
You feel a surge of power!
The stone arrow hits Rupert!
Aim: Rupert, wielding a +1 great mace of protection and wearing a +0 ring mail (lightly wounded, haloed, 86% to hit)
You feel a surge of power!
The stone arrow hits Rupert!
Rupert yells loudly at you.
Your +3 warlock's mirror {reflect} reflects the Paralyse!
Rupert resists with almost no effort.
Aim: Rupert, wielding a +1 great mace of protection and wearing a +0 ring mail (moderately wounded, haloed, 86% to hit)
You feel a surge of power!
The stone arrow hits Rupert!
Aim: Rupert, wielding a +1 great mace of protection and wearing a +0 ring mail (moderately wounded, haloed, 86% to hit)
You feel a surge of power!
The stone arrow hits Rupert!!
Aim: Rupert, wielding a +1 great mace of protection and wearing a +0 ring mail (heavily wounded, haloed, 86% to hit)
You feel a surge of power!
The stone arrow hits Rupert.
Rupert roars madly and goes into a rage!
Rupert goes berserk!
Aim: Rupert, wielding a +1 great mace of protection and wearing a +0 ring mail (heavily wounded, berserk, haloed, 86% to hit)
You feel a surge of power!
The stone arrow hits Rupert!!
You block Rupert's attack.
Aim: Rupert, wielding a +1 great mace of protection and wearing a +0 ring mail (heavily wounded, berserk, haloed, 86% to hit)
You feel a surge of power!
The stone arrow hits Rupert!
You block Rupert's attack.
Aim: Rupert, wielding a +1 great mace of protection and wearing a +0 ring mail (severely wounded, berserk, haloed, 86% to hit)
You feel a surge of power!
The stone arrow hits Rupert!!
Rupert barely misses you. You block Rupert's attack.
Aim: Rupert, wielding a +1 great mace of protection and wearing a +0 ring mail (severely wounded, berserk, haloed, 89% to hit)
You feel a surge of power!
The blast of sand hits Rupert!
c - 266 stones You block Rupert's attack.
You hit Rupert but do no damage. Rupert hits you but does no damage.
Rupert hits you with a +1 great mace of protection!
You sock Rupert!
Rupert hits you with a +1 great mace of protection!!
* * * LOW HITPOINT WARNING * * *
Rupert hits you but does no damage.
Here: Rupert, wielding a +1 great mace of protection and wearing a +0 ring mail (almost dead, berserk, haloed) Item here: a potion of brilliance.
The floor, spattered with blood.
Unknown command.
Aim: Rupert, wielding a +1 great mace of protection and wearing a +0 ring mail (almost dead, berserk, haloed, 89% to hit)
You feel a surge of power!
The blast of sand hits Rupert.
c - 265 stones Rupert hits you but does no damage.
Aim: Rupert, wielding a +1 great mace of protection and wearing a +0 ring mail (almost dead, berserk, haloed, 89% to hit)
You feel a surge of power!
The blast of sand hits Rupert but does no damage.
c - 264 stones Rupert hits you with a +1 great mace of protection!!
You die...

#.## .. #... #.# #..#
#.# #..# ####.####
#..# .......# #..#
..##..#####..#######.
#.##.........@@......
#<###...###.#########
#....#...####
######≈≈≈≈≈≈#
#...#### #####


You could see Rupert (berserk).

Vanquished Creatures
  A boulder beetle (D:10)
  A hydra (D:9)
  3 two-headed ogres
  An ugly thing (D:10)
  A manticore (D:11)
  An unseen horror (D:11)
  4 kobold demonologists
  A troll (D:11)
  5 yaks
  A shadow (D:11)
  A wraith (D:10)
  Grum (D:10)
  A warg (D:11)
  A steam dragon (D:8)
  4 water moccasins
  An ice beast (D:6)
  A hornet zombie (D:8)
  2 sky beasts (D:6)
  4 orc warriors
  5 black bears
  An ogre (D:6)
  2 wolves (D:9)
  3 necrophages
  2 centaurs (D:9)
  8 kobold brigands
  A gnoll sergeant (D:6)
  A bullfrog (D:9)
  A wyvern zombie (D:6)
  9 wights
  A howler monkey (D:11)
  8 centaur zombies
  A bullfrog zombie (D:5)
  2 hounds (D:5)
  11 orc priests
  2 bullfrog skeletons
  A jelly (D:6)
  2 centaur skeletons
  5 iguanas
  11 orc wizards
  A howler monkey zombie (D:9)
  Robin (D:4)
  4 adders
  9 gnolls
  A howler monkey skeleton (D:5)
  An ufetubus (D:5)
  A worm (D:2)
  5 dart slugs
  26 orcs
  7 bats
  6 endoplasms
  2 giant cockroaches
  8 hobgoblins
  5 jackals (D:1)
  7 quokkas
  11 ball pythons
  10 frilled lizards
  22 goblins
  23 kobolds
  A rat (D:2)
263 creatures vanquished.

Vanquished Creatures (others)
  An orc priest (D:10)
  3 fungi (D:1)
  9 plants
13 creatures vanquished.

Grand Total: 276 creatures vanquished

Notes
Turn   | Place    | Note
-------+----------+-------------------------------------------
     0 | D:1      | CryoSword the Gargoyle Earth Elementalist began the quest
                  | for the Orb.
     0 | D:1      | Reached XP level 1. HP: 10/10 MP: 3/3
   162 | D:1      | Reached XP level 2. HP: 16/16 MP: 0/5
   335 | D:1      | Reached skill level 1 in Conjurations
   362 | D:1      | Reached skill level 4 in Earth Magic
   523 | D:1      | Found Goif Ter's Antique Weapon Shop.
   535 | D:1      | Found Peluq's Assorted Antiques.
   658 | D:1      | Reached XP level 3. HP: 8/20 MP: 4/6
   682 | D:1      | Reached skill level 1 in Maces & Flails
   957 | D:1      | Bought a dark potion for 15 gold pieces
   957 | D:1      | Bought a coppery potion for 15 gold pieces
  1039 | D:1      | Found Ojadipt's Armour Shop.
  1125 | D:1      | Found Apuawu Baraa's General Store.
  1134 | D:1      | Bought a scroll of noise for 10 gold pieces
  1167 | D:1      | Found a faded altar of an unknown god.
  1415 | D:1      | Found Eshrirr's Book Shoppe.
  1485 | D:1      | Reached skill level 1 in Fighting
  1593 | D:2      | Reached XP level 4. HP: 17/25 MP: 4/7
  2367 | D:2      | HP: 1/25 [gnoll/+0 spear (5)]
  2372 | D:2      | Reached XP level 5. HP: 2/29 MP: 6/8
  2715 | D:1      | Bought a +0 buckler for 45 gold pieces
  2863 | D:3      | Found a shimmering altar of Xom.
  3019 | D:3      | Learned a level 3 spell: Stone Arrow
  3022 | D:3      | Learned a level 2 spell: Passwall
  3273 | D:3      | Noticed a black bear
  3283 | D:3      | Killed a black bear
  3284 | D:3      | Reached skill level 5 in Earth Magic
  3284 | D:3      | Reached XP level 6. HP: 35/35 MP: 6/9
  3856 | D:4      | Noticed Robin
  3981 | D:4      | Killed Robin
  4145 | D:4      | Noticed a necrophage
  4154 | D:4      | Killed a necrophage
  4785 | D:5      | Entered Level 5 of the Dungeon
  4810 | D:5      | Noticed a water moccasin
  4815 | D:5      | Killed a water moccasin
  4816 | D:5      | Reached XP level 7. HP: 27/40 MP: 10/10
  5224 | D:5      | Reached skill level 6 in Earth Magic
  5539 | D:5      | Found a staircase to the Ecumenical Temple.
  5548 | Temple   | Entered the Ecumenical Temple
  5607 | Temple   | Became a worshipper of the Shining One
  5646 | D:5      | Reached skill level 5 in Conjurations
  5646 | D:5      | Reached XP level 8. HP: 32/46 MP: 7/11
  5980 | D:5      | Reached skill level 7 in Earth Magic
  6224 | D:1      | Bought a scorched platinum amulet for 85 gold pieces
  6224 | D:1      | Identified the amulet "Ciwiot" {Spirit rElec Int+4} (You
                  | bought it in a shop on level 1 of the Dungeon)
  6224 | D:1      | Bought a scroll labelled XIEPHIM HOUM for 17 gold pieces
  6321 | D:5      | Found an ancient bone altar of Kikubaaqudgha.
  6326 | D:5      | Found an opulent altar of Gozag.
  6512 | D:6      | Reached skill level 5 in Maces & Flails
  6520 | D:6      | Reached skill level 1 in Shields
  7125 | D:1      | Bought a potion of heal wounds for 50 gold pieces
  7309 | D:6      | Reached * piety under the Shining One
  7310 | D:6      | Reached XP level 9. HP: 46/52 MP: 3/12
  7737 | D:6      | Reached skill level 8 in Earth Magic
  8049 | D:6      | Found a shadowy altar of Dithmenos.
  8258 | D:7      | Reached skill level 1 in Invocations
  8551 | D:7      | Found a bloodstained altar of Trog.
  8689 | D:7      | Identified a scroll of acquirement
  8689 | D:7      | Acquired the +3 warlock's mirror {reflect}
  8689 | D:7      | Found the +3 warlock's mirror {reflect}
  8731 | D:7      | Found an ornate altar of the Wu Jian Council.
  9457 | D:8      | Reached ** piety under the Shining One
  9526 | D:7      | Reached skill level 1 in Evocations
  9746 | D:8      | Reached XP level 10. HP: 54/58 MP: 13/13
  9823 | D:8      | Reached skill level 9 in Earth Magic
  9866 | D:8      | Found a radiant altar of Vehumet.
 10201 | D:9      | Noticed a kobold demonologist
 10214 | D:8      | Reached skill level 5 in Fighting
 10451 | D:9      | Found a sparkling altar of Nemelex Xobeh.
 10468 | D:9      | Found a burning altar of Makhleb.
 10496 | D:9      | Noticed a two-headed ogre
 10501 | D:9      | Killed a two-headed ogre
 10502 | D:9      | Reached skill level 5 in Shields
 10513 | D:9      | Killed a kobold demonologist
 10740 | D:9      | Noticed a six-headed hydra
 10745 | D:9      | Killed a six-headed hydra
 10985 | D:9      | Found a snail-covered altar of Cheibriados.
 11089 | D:10     | Entered Level 10 of the Dungeon
 11089 | D:10     | Noticed a brown ugly thing
 11104 | D:10     | Killed a brown ugly thing
 11307 | D:10     | Noticed Grum
 11328 | D:10     | Killed Grum
 11338 | D:10     | Reached XP level 11. HP: 55/64 MP: 10/15
 11420 | D:10     | Reached skill level 10 in Earth Magic
 11516 | D:10     | Reached *** piety under the Shining One
 12519 | D:10     | Found a white marble altar of Elyvilon.
 12519 | D:10     | Found a sacrificial altar of Ru.
 12594 | D:10     | Noticed a two-headed ogre
 12600 | D:10     | Killed a two-headed ogre
 12773 | D:10     | Found a staircase to the Lair.
 12801 | D:10     | Found a shimmering blue altar of Sif Muna.
 12898 | D:11     | Noticed a boulder beetle
 12922 | D:10     | Killed a boulder beetle
 13114 | D:10     | Learned a level 1 spell: Apportation
 13117 | D:10     | Learned a level 2 spell: Blink
 13151 | D:11     | Noticed a manticore
 13156 | D:11     | Killed a manticore
 13463 | D:11     | Found a staircase to the Orcish Mines.
 13502 | D:11     | Identified the +3 leather armour of Gesakod {Will+ Dex+3}
 13505 | D:11     | Noticed a sixfirhy
 13508 | D:11     | Noticed a sixfirhy
 13522 | D:11     | Reached skill level 1 in Translocations
 13655 | D:11     | Found Tecetraq's Armour Emporium.
 14069 | D:11     | Noticed a two-headed ogre
 14072 | D:11     | Killed a two-headed ogre
 14323 | D:12     | Noticed Rupert
 14338 | D:12     | Slain by Rupert

Illustrated notes

Levels and vault maps discovered:
D:1:      dpeg_arrival_concentric_ovals, layout_basic, serial_shops,
          nicolae_shop_temple_entry_statues_fountains, nicolae_shop_waterfront,
          nicolae_shop_hallway_stairs, nicolae_shop_trees, nicolae_diamond_shop,
          dreamdust_ecumenical_altar_grove
D:2:      layout_rooms
D:3:      layout_loops_ring, mainiacjoe_overflow_surrounded_room
D:4:      layout_basic, hangedman_decor_peaks_small,
          eino_small_chamber_without_monster, uniq_robin
D:5:      layout_basic, mainiacjoe_overflow_big_doors,
          minmay_temple_entry_wispy, grunt_ministairs_5
D:6:      layout_loops_corners, lemuel_tele_altar, minmay_lizard_king
D:7:      layout_loops_corners, trog_ov_bears_minmay,
          mainiacjoe_overflow_tiny_flanked
D:8:      layout_cave_pools, mainiacjoe_overflow_concentric_impassable
D:9:      layout_long_grid, mainiacjoe_overflow_cross_hatched,
          kennysheep_slug_shrine, mainiacjoe_overflow_alcove_1
D:10:     layout_basic, gammafunk_temple_overflow_elements, led_sif_pool,
          lair_entry_dummy, uniq_grum
D:11:     layout_roguey, erik_orc_4, serial_shops,
          nicolae_shop_advertising_works [nicolae_subvault_shop_adworks],
          nzn_sisyphean_effort
D:12:     layout_loops_ring, serial_rivers, chequers_serial_rivers_micro_d,
          chequers_serial_rivers_small_b, chequers_serial_rivers_micro_b,
          chequers_serial_rivers_micro_b, chequers_serial_rivers_micro_d,
          chequers_serial_rivers_room_a, ebering_dispersal_statue_hall,
          uniq_sonja, uniq_josephine, uniq_rupert
Temple:   nicolae_temple_figure_zero

Skill      XL: |  1  2  3  4  5  6  7  8  9 10 11 |
---------------+----------------------------------+-----
Conjurations   | 1 2 3 4 5 6 7 8 9 |  9.3
Earth Magic    | 4 5 6 7 8 9 10 | 10.8
Maces & Flails | 1 2 3 4 5 6 7 8 |  8.4
Fighting       | 1 2 3 4 5 6 |  6.4
Dodging        | 2 3 |  3.9
Shields        | 2 4 6 7 |  7.4
Invocations    | 2 3 4 |  4.5
Evocations     | 1 2 |  2.6
Spellcasting   | 3 |  3.0
Translocations | 1 |  1.3
Stealth        | |  2.1
Transmutations | |  0.7

Action                   |  1- 3 |  4- 6 |  7- 9 | 10-12 || total
-------------------------+-------+-------+-------+-------++-------
Melee: Club              |    56 |       |       |       ||    56
       Unarmed           |     3 |       |       |       ||     3
       Whip              |    33 |       |       |       ||    33
       Dagger            |    30 |    56 |       |       ||    86
       Staff             |       |   108 |   155 |       ||   263
       Morningstar       |       |       |    53 |   126 ||   179
 Cast: Sandblast         |    31 |    37 |    42 |    32 ||   142
       Stone Arrow       |       |       |    47 |   134 ||   181
Invok: Divine Shield     |       |       |       |     4 ||     4
Evoke: Wand              |       |       |       |     4 ||     4
  Use: Scroll            |       |     2 |    12 |     7 ||    21
       Potion            |       |       |       |     3 ||     3
 Stab: Sleeping          |       |     2 |     1 |       ||     3
Armor: Robe              |    68 |     9 |       |       ||    77
       Leather armour    |       |    54 |    84 |       ||   138
       Ring mail         |       |       |    97 |   121 ||   218
Dodge: Dodged            |   136 |    84 |   157 |   105 ||   482
Block: Buckler           |       |    25 |    69 |   157 ||   251
       Reflection        |       |       |       |    13 ||    13
